Map: [ESL] Goldenaura

Players

SHIN - Winner!

  • Race: Zerg Zerg
  • Spawn Location: 12:00

Clem

  • Race: Terran Terran
  • Spawn Location: 5:00

Event: IEM Katowice 2024

VOD

Have the link to the VOD?

Description

Time

  • Played on: Feb. 9, 2024, 6:20 a.m.
  • Length: 14:14

All games in this series

Show
View Real Time Build Order
Export as new Build Order

SHIN Zerg - Winner!

Build Orders: Hatch First 

Get SALT Encoding   

  12  0:00  Drone  
  13  0:08  Drone  
  14  0:14  Extractor, Drone  
  15  0:37  Hatchery  
  15  0:40  Extractor  
  13  0:43  Drone  
  13  0:48  Overlord  
  15  1:03  Spawning Pool  
  14  1:06  Drone  
  14  1:10  Drone  
  16  1:15  Drone  
  17  1:19  Drone  
  18  1:29  Drone  
  19  1:33  Extractor  
  19  1:39  Drone  
  19  1:49  Queen x2  
  19  1:50  Zergling x2  
  19  1:51  Drone  
  25  1:59  Overlord  
  25  2:00  Drone  
  26  2:11  Drone x2  
  28  2:21  Drone x2  
  30  2:25  Queen  
  32  2:32  Overlord  
  32  2:33  Drone  
  33  2:44  Drone  
  33  2:46  Hatchery  
  33  2:47  Drone  
  34  2:53  Drone  
  34  2:54  Drone  
  34  2:58  Drone x3  
  38  3:05  Queen  
  39  3:08  Overlord  
  39  3:11  Drone  
  42  3:14  Metabolic Boost  
  42  3:17  Drone  
  42  3:19  Drone  
  44  3:26  Queen  
  46  3:27  Drone  
  46  3:28  Drone  
  46  3:33  Zergling x6  
  51  3:38  Zergling x2  
  51  3:39  Overlord  
  52  3:50  Overlord  
  52  3:51  Overlord  
  52  3:57  Queen  
  52  3:58  Overlord x2  
  52  3:59  Queen  
  52  4:01  Drone  
  57  4:03  Drone  
  57  4:06  Drone x2  
  57  4:07  Drone  
  57  4:09  Drone  
  62  4:10  Drone  
  62  4:14  Drone x2  
  62  4:16  Drone  
  66  4:22  Roach Warren  
  66  4:23  Spore Crawler  
  64  4:25  Spore Crawler  
  64  4:27  Zergling x2  
  64  4:28  Zergling x2  
  64  4:30  Extractor  
  64  4:32  Extractor  
  64  4:35  Zergling x6  
  59  4:39  Zergling x8  
  59  4:42  Zergling x4  
  64  4:48  Zergling x2  
  64  4:49  Zergling x4  
  64  4:50  Zergling x4  
  67  4:52  Drone  
  67  4:57  Drone  
  66  5:03  Overlord  
  64  5:09  Roach x2  
  64  5:13  Roach x2  
  72  5:19  Roach  
  74  5:22  Roach  
  74  5:24  Roach  
  78  5:28  Overlord  
  78  5:32  Roach  
  78  5:34  Roach  
  78  5:35  Roach x2  
  86  5:36  Zergling x2  
  86  5:39  Zergling x6  
  86  5:42  Overlord  
  90  5:43  Overlord x2  
  90  5:47  Ravager x3  
  90  5:48  Ravager  
  91  5:50  Zergling x2  
  91  5:51  Zergling x4  
  91  5:56  Zergling x4  
  96  5:58  Ravager  
  96  5:59  Zergling x2  
  96  6:03  Zergling x2  
  99  6:07  Zergling x2, Ravager  
  99  6:11  Zergling x14  
  108  6:16  Zergling x2  
  108  6:17  Zergling x6  
  111  6:24  Zergling x4  
  111  6:25  Ravager x2  
  115  6:35  Zergling x6  
  114  6:45  Zergling x20  
  106  6:50  Lair  
  106  6:51  Ravager  
  96  6:54  Drone x2  
  96  6:56  Drone  
  96  7:00  Drone  
  96  7:01  Drone  
  101  7:07  Hatchery  
  100  7:08  Drone  
  100  7:12  Drone x3  
  100  7:14  Drone  
  105  7:16  Drone  
  105  7:22  Drone x4  
  109  7:24  Drone  
  109  7:25  Drone  
  109  7:27  Drone  
  109  7:29  Drone  
  106  7:34  Drone  
  106  7:36  Drone x4  
  106  7:37  Drone x2  
  112  7:39  Drone x2  
  112  7:42  Drone x2  
  117  7:46  Extractor  
  117  7:47  Drone, Evolution Chamber  
  117  7:49  Glial Reconstitution, Evolution Chamber  
  115  7:52  Drone  
  115  7:55  Roach  
  115  7:58  Extractor, Baneling Nest, Roach  
  119  8:01  Roach  
  119  8:02  Zergling x2  
  121  8:05  Overlord x2  
  121  8:06  Overlord  
  121  8:09  Overlord  
  121  8:10  Overlord  
  119  8:13  Overlord  
  119  8:18  Zerg Ground Armor Level 1  
  118  8:20  Zerg Melee Weapons Level 1  
  118  8:23  Zergling x2  
  118  8:25  Drone x5  
  118  8:26  Drone  
  125  8:30  Zergling x2, Infestation Pit, Roach  
  125  8:32  Ravager x2  
  125  8:33  Zergling x2, Roach  
  132  8:37  Drone x3  
  132  8:38  Drone  
  136  8:41  Extractor  
  136  8:42  Centrifugal Hooks  
  136  8:45  Zergling x8  
  137  8:49  Zergling x4, Roach  
  137  8:54  Overlord  
  141  8:56  Zergling x4, Roach  
  141  9:00  Drone x2  
  141  9:01  Drone x2, Overlord  
  149  9:06  Hive  
  149  9:09  Extractor, Roach  
  150  9:10  Roach x2  
  150  9:15  Zergling x12  
  156  9:19  Zergling x4, Roach  
  156  9:23  Zergling x2, Roach  
  163  9:26  Overlord  
  163  9:28  Drone  
  163  9:29  Drone x2  
  166  9:31  Hatchery  
  166  9:33  Overlord  
  166  9:34  Zergling x2  
  166  9:35  Zergling x2  
  166  9:38  Baneling x8  
  166  9:44  Baneling x11  
  165  9:47  Zergling x4, Roach  
  168  9:53  Zergling x12, Roach  
  168  9:57  Baneling x9  
  159  10:07  Zergling x22  
  159  10:13  Zergling x12  
  159  10:14  Zergling x2  
  170  10:19  Viper  
  173  10:23  Viper x2  
  173  10:26  Zergling x2  
  173  10:27  Zergling x8  
  181  10:31  Zergling x6  
  181  10:35  Zergling x6  
  179  10:38  Zerg Melee Weapons Level 2  
  179  10:43  Zerg Ground Armor Level 2  
  179  10:45  Zergling x4  
  181  10:54  Zergling x14, Roach  
  181  10:59  Baneling x10  
  181  11:02  Zergling x4, Roach  
  185  11:06  Adrenal Glands  
  185  11:10  Zergling x8  
  189  11:15  Zergling x12  
  189  11:17  Ravager  
  195  11:20  Zergling x4, Roach  
  199  11:28  Ultralisk Cavern  
  199  11:30  Hatchery  
  197  11:33  Baneling x6  
  197  11:36  Overseer  
  197  11:38  Zergling x8  
  199  11:41  Baneling  
  199  11:42  Baneling x3  
  184  11:57  Zergling x34  
  173  12:04  Roach x2  
  166  12:16  Ultralisk  
  166  12:17  Zergling x8, Ultralisk  
  166  12:19  Chitinous Plating  
  182  12:26  Zergling x14  
  189  12:31  Spore Crawler  
  189  12:33  Ultralisk  
  190  12:37  Pneumatized Carapace  
  190  12:39  Zergling x12  
  196  12:46  Zergling x2  
  196  12:47  Zergling x6  
  198  12:55  Spore Crawler  
  197  12:59  Drone  
  197  13:00  Drone  
  197  13:04  Zergling x4  
  198  13:08  Overlord x2  
  198  13:09  Overlord x2  
  198  13:10  Baneling x23  
  198  13:11  Baneling  
  198  13:14  Overlord  
  198  13:18  Overlord  
  198  13:27  Baneling x5  
  198  13:28  Zergling x2  
  198  13:31  Baneling x2  
  198  13:51  Zergling x10  
  198  13:52  Zergling x2  
Show
View Real Time Build Order
Export as new Build Order

Clem Terran 

Build Orders: Liberator Opening, Reaper Expand 

Get SALT Encoding   

  12  0:00  SCV  
  13  0:12  SCV  
  14  0:17  Supply Depot  
  14  0:24  SCV  
  15  0:38  SCV  
  15  0:40  Barracks  
  16  0:43  Refinery  
  16  0:50  SCV  
  17  1:03  SCV  
  18  1:15  SCV  
  19  1:27  Orbital Command, Reaper  
  20  1:39  Command Center  
  20  1:48  Supply Depot  
  20  1:52  SCV  
  21  1:59  Marine  
  22  2:05  SCV  
  23  2:12  Factory  
  23  2:17  SCV  
  23  2:20  Barracks Reactor  
  24  2:29  SCV  
  25  2:36  Refinery  
  25  2:41  SCV  
  26  2:51  Orbital Command  
  26  2:54  SCV  
  27  2:58  Starport  
  27  3:03  Hellion x2  
  31  3:06  SCV, Marine  
  33  3:17  SCV  
  33  3:18  SCV  
  35  3:24  Cyclone x2  
  39  3:27  Supply Depot  
  39  3:29  SCV  
  39  3:32  SCV  
  41  3:40  Liberator  
  41  3:41  SCV  
  45  3:49  Supply Depot, SCV  
  45  3:50  Barracks Tech Lab  
  45  3:53  SCV  
  47  3:56  Hellion x2  
  47  4:01  SCV  
  52  4:07  Command Center  
  52  4:10  SCV  
  52  4:13  SCV  
  54  4:19  Hellion  
  54  4:22  Hellion, SCV  
  54  4:23  Stimpack  
  59  4:27  Marine, Supply Depot  
  59  4:29  SCV  
  61  4:34  SCV  
  62  4:46  Barracks x2  
  62  4:48  SCV  
  62  4:49  Hellion x2  
  62  4:50  SCV  
  68  4:54  Supply Depot  
  68  4:58  Marine  
  62  5:00  SCV  
  62  5:04  SCV  
  62  5:05  Engineering Bay  
  62  5:06  Supply Depot  
  60  5:10  Engineering Bay  
  60  5:12  SCV  
  61  5:15  Marine  
  61  5:16  SCV  
  61  5:19  Factory Tech Lab  
  61  5:20  Orbital Command  
  63  5:25  SCV  
  63  5:28  SCV  
  63  5:29  Supply Depot, Refinery x2  
  63  5:34  Barracks Reactor  
  64  5:37  SCV  
  64  5:38  Siege Tank  
  64  5:40  Terran Infantry Weapons Level 1, SCV  
  64  5:42  Terran Infantry Armor Level 1  
  69  5:44  Marine x2  
  69  5:46  Marine  
  69  5:48  Orbital Command  
  69  5:49  SCV  
  73  5:52  SCV  
  74  6:00  Barracks x2  
  74  6:01  SCV  
  74  6:02  Marine  
  74  6:03  Marine x2  
  78  6:05  SCV  
  78  6:06  Combat Shield  
  79  6:12  Siege Tank  
  79  6:14  SCV x2  
  79  6:17  Barracks Reactor, SCV  
  85  6:19  Marine  
  85  6:21  Marine  
  85  6:24  Orbital Command  
  84  6:26  SCV  
  84  6:28  Supply Depot  
  84  6:29  Supply Depot  
  84  6:30  Marine  
  84  6:31  SCV  
  82  6:37  Marine  
  82  6:38  Marine  
  79  6:41  Medivac  
  66  6:48  Siege Tank, Marine  
  66  6:50  SCV x2  
  66  6:51  Marine, SCV  
  66  6:52  Marine  
  66  6:53  Marine x2  
  70  6:55  Marine  
  70  6:56  Marine  
  72  7:02  SCV  
  72  7:05  Marine, Medivac  
  72  7:08  SCV x2  
  77  7:13  Orbital Command  
  77  7:14  SCV  
  76  7:20  SCV  
  75  7:23  Siege Tank  
  75  7:27  Marine  
  75  7:29  Barracks Reactor  
  77  7:30  Barracks Reactor  
  77  7:33  Marine x3  
  77  7:35  SCV  
  77  7:37  SCV  
  82  7:40  Supply Depot, SCV  
  83  7:46  Orbital Command  
  83  7:47  SCV, Marine x2  
  83  7:49  SCV  
  83  7:50  Marine  
  83  7:51  Marine  
  89  7:52  Marine, Supply Depot  
  89  7:55  Siege Tank  
  93  7:59  SCV  
  93  8:03  Supply Depot  
  93  8:05  Armory  
  94  8:06  Marine x2  
  94  8:07  Marine  
  97  8:13  SCV  
  97  8:14  Marine, SCV  
  97  8:15  SCV, Marine  
  97  8:18  Marine  
  103  8:20  Marine x2  
  103  8:25  SCV  
  103  8:26  SCV  
  107  8:27  Siege Tank, SCV  
  107  8:29  Marine  
  107  8:30  Supply Depot, Marine x2  
  107  8:33  Marine  
  115  8:37  Medivac  
  115  8:38  Medivac  
  115  8:39  SCV  
  120  8:42  SCV  
  120  8:44  SCV  
  120  8:45  Supply Depot  
  122  8:51  Terran Infantry Weapons Level 2, SCV  
  122  8:52  Supply Depot  
  122  8:54  SCV  
  124  8:58  SCV  
  124  9:00  Marine, Supply Depot  
  126  9:03  SCV, Marine x2  
  126  9:05  Marine  
  126  9:06  Marine, SCV  
  126  9:08  Marine  
  133  9:12  Siege Tank, Marine x2  
  133  9:13  Marine  
  133  9:16  Factory  
  136  9:18  Marine  
  136  9:19  SCV x2, Refinery  
  136  9:21  SCV  
  140  9:24  Marine x2  
  140  9:25  Marine x2  
  140  9:26  Marine  
  140  9:31  Marine x2, SCV  
  146  9:32  SCV  
  146  9:33  Supply Depot  
  146  9:37  Terran Infantry Armor Level 2  
  149  9:40  Marine  
  149  9:42  Supply Depot, Marine  
  151  9:51  Command Center  
  151  9:52  Marine x2  
  150  9:54  Marine  
  150  9:58  Marine  
  153  10:00  Marine  
  153  10:01  Marine x4  
  153  10:04  Factory Reactor  
  133  10:08  SCV  
  133  10:10  Marine x2  
  133  10:11  Marine  
  137  10:16  Marine  
  137  10:17  SCV  
  137  10:18  SCV, Marine  
  133  10:21  SCV  
  133  10:28  Marine, Medivac  
  133  10:29  Marine x2  
  133  10:31  Marine  
  133  10:33  SCV  
  127  10:36  SCV  
  127  10:39  SCV  
  129  10:44  Widow Mine  
  129  10:47  Widow Mine  
  129  10:48  SCV  
  134  10:51  Marine  
  134  10:54  Widow Mine  
  134  10:55  Marine  
  134  10:56  SCV  
  133  10:58  Marine  
  133  11:02  SCV  
  135  11:05  Widow Mine, SCV  
  135  11:06  Drilling Claws  
  135  11:09  SCV, Widow Mine  
  141  11:12  Marine  
  141  11:14  SCV  
  141  11:16  Marine  
  141  11:17  SCV  
  141  11:18  Widow Mine  
  147  11:21  Supply Depot  
  147  11:23  Planetary Fortress  
  147  11:26  SCV  
  147  11:28  SCV, Widow Mine  
  147  11:29  Marine  
  147  11:32  Widow Mine  
  154  11:37  Barracks  
  154  11:38  SCV  
  153  11:40  Barracks Tech Lab, SCV  
  153  11:42  SCV  
  147  11:50  SCV  
  147  11:52  SCV  
  147  11:54  Marine x3, Widow Mine, SCV  
  132  11:58  Marine, Widow Mine  
  132  12:01  Marine  
  114  12:04  Marine  
  114  12:05  Marine  
  114  12:07  SCV  
  105  12:11  SCV  
  105  12:13  SCV  
  105  12:14  SCV  
  107  12:19  Marine, Marauder  
  107  12:22  Marine  
  111  12:25  SCV x2  
  111  12:29  SCV, Widow Mine  
  116  12:32  SCV  
  117  12:38  Widow Mine, Marine, SCV  
  117  12:40  Medivac  
  117  12:41  Marauder x2  
  125  12:46  Marine x2  
  125  12:47  SCV  
  127  12:52  Widow Mine  
  127  12:53  Widow Mine  
  127  12:54  SCV  
  127  12:57  SCV x2  
  134  12:59  SCV  
  134  13:02  Marauder  
  137  13:06  SCV, Widow Mine  
  137  13:08  Medivac  
  137  13:09  SCV x2  
  137  13:12  Barracks Tech Lab, Marauder  
  144  13:15  Marine  
  144  13:17  Command Center  
  144  13:19  Marine x2  
  145  13:24  Marauder, Refinery  
  145  13:25  Marine x2  
  145  13:26  Sensor Tower  
  148  13:29  Medivac  
  148  13:32  SCV x2  
  148  13:33  SCV x2  
  148  13:34  Marauder  
  156  13:37  Marine  
  157  13:44  Marauder, SCV  
  157  13:45  SCV  
  157  13:46  Marauder  

Tags
 
Add a new tag
Caveats
  • Supply blocks, unpowered buildings, or Contaminate may cause inaccurate times.
  • Supply counts are checked every 10 seconds.